 Dungeon Crawl Stone Soup version 0.19-a0-458-gfd99d95 (webtiles) character file.

299 Brrr the Digger (level 6, -1/32 HPs)
             Began as a Gargoyle Earth Elementalist on June 2, 2016.
             Slain by an orc warrior
             ... wielding a +2 long sword of protection
              (8 damage)
             ... on level 3 of the Dungeon.
             The game lasted 00:12:09 (3581 turns).

Brrr the Digger (Gargoyle Earth Elementalist)       Turns: 3581, Time: 00:12:09

Health: -1/32      AC:  7    Str: 11    XL:     6   Next: 36%
Magic:  1/12       EV: 12    Int: 18    God:
Gold:   127        SH:  0    Dex: 10    Spells: 3 memorised, 5 levels left

rFire  + . .     SeeInvis .     b - 66 stones
rCold  . . .     Gourm    .     c - +0 robe
rNeg   + . .     Faith    .     (no shield)
rPois  ∞         Spirit   .     (no helmet)
rElec  +         Dismiss  .     g - +0 cloak
rCorr  .         Reflect  .     (no gloves)
SustAt .         Harm     .     (no boots)
MR     .....                    (no amulet)
Stlth  ++........               B - ring of protection from fire
                                x - ring of wizardry

@: exhausted, very slightly contaminated, hasted and slowed, not resistant to
hostile enchantments, unstealthy
A: negative energy resistance 1, electricity resistance, unbreathing,
petrification resistance, rot immunity, AC +4
a: no special abilities


You were on level 3 of the Dungeon.
You were very hungry.

You visited 1 branch of the dungeon, and saw 4 of its levels.

You collected 127 gold pieces.

Inventory:

Hand Weapons
 h - a +0 short sword
 i - a +0 club
 r - a +2 spear of piercing
Missiles
 b - 66 stones (in hand)
Armour
 c - a +0 robe (worn)
 g - a +0 cloak (worn)
Jewellery
 x - a ring of wizardry (left hand)
 A - an uncursed ring of resist corrosion
 B - a ring of protection from fire (right hand)
Wands
 w - a wand of digging (24/24)
 y - a wand of random effects (31/48)
Scrolls
 f - 2 scrolls of remove curse
 q - a scroll of teleportation
 t - a scroll of amnesia
Potions
 a - 6 potions of curing
 l - a potion of mutation
 m - a potion of might {unknown}
 n - a potion of flight
 s - a potion of heal wounds {unknown}
Books
 e - a book of Geomancy

   Spells                             Type                      Level
   a - Sandblast                      Earth                        1
   b - Passwall                       Transmutation/Earth          2
   c - Stone Arrow                    Conjuration/Earth            3
   d - Petrify                        Transmutation/Earth          4
   e - Lee's Rapid Deconstruction     Earth                        5
 C - Sif Muna's Reference Book on Evil
   (You found it on level 4 of the Dungeon)

   Spells                             Type                      Level
   a - Animate Skeleton               Necromancy                   1
Comestibles
 d - 4 bread rations
 o - a meat ration
 u - 3 beef jerkies
 v - 2 fruits
 z - 3 chunks of flesh


   Skills:
 - Level 1.5 Dodging
 - Level 2.1 Stealth
 * Level 4.5 Spellcasting
 + Level 2.6 Conjurations
   Level 0.7 Transmutations
 + Level 5.3 Earth Magic


You had 5 spell levels left.
You knew the following spells:

 Your Spells              Type           Power        Failure   Level  Hunger
a - Sandblast             Erth           ###...       1%          1    None
b - Stone Arrow           Conj/Erth      ###...       4%          3    ###....
c - Lee's Rapid Deconstr  Erth           ###.......   26%         5    ######.


Dungeon Overview and Level Annotations

Branches:
Dungeon (4/15)
 Temple: D:4-7

Altars:
Okawaru
Sif Muna
Uskayaw
The Shining One


Innate Abilities, Weirdness & Mutations

You are resistant to torment.
Your stone body is resilient. (AC +4)
You are immune to poison.
You resist negative energy. (rN+)
You are resistant to electric shocks. (rElec)
You can survive without breathing.
You are immune to petrification.
You are immune to rotting.


Message History

You feel your anger subside.
You are no longer berserk.
You are exhausted.
You feel yourself slow down.
You are feeling very hungry.
An orc comes into view. It is wielding a war axe.
There is a stone staircase leading up here.
The orc shouts!
The orc warrior hits you with a long sword of protection.
* * * LOW HITPOINT WARNING * * *
You climb upwards.
There is a stone staircase leading down here.
Casting: Stone Arrow
Confirm with . or Enter, or press ? or * to list all spells.
Aiming: Sandblast
Press: ? - help, Shift-Dir - straight line, f - orc warrior
Aim: an orc warrior, wielding a long sword of protection and wearing a chain mail The rocky blast hits the orc warrior.
The orc warrior hits you with a long sword of protection!
You die...

# ## .############
............############
.##########.##.........#
.##########.##.#######.#
##........#.##.#######.## ###
##...)....#.....@o......#####.###
.#....[...#.......[##[.......#...
.'........'.##.##.#.#...###.#.##.
.'..)..(..'......###...<# #.#.##.
.#........####.##.#.##).# #.#.##.
.#).......# #..........###.#..#.
.#........# #####.####..##.#.#..
)########### #.# ##.##.##.#! .#
#..# #####)# #.##.##.#.


You could see an orc warrior.

Vanquished Creatures
  An ogre (D:4)
  3 orc wizards
  A centaur skeleton (D:4)
  3 adders (D:2)
  2 worms
  A dart slug (D:3)
  3 giant geckos
  5 orcs (D:3)
  3 giant cockroaches
  10 goblins
  7 hobgoblins
  4 jackals (D:2)
  A quokka (D:2)
  A ball python (D:2)
  5 bats
  3 giant newts
  7 kobolds
  5 rats
65 creatures vanquished.

Notes
Turn   | Place    | Note
--------------------------------------------------------------
     0 | D:1      | Brrr the Gargoyle Earth Elementalist began the quest for the Orb.
     0 | D:1      | Reached XP level 1. HP: 10/10 MP: 3/3
   391 | D:1      | Reached XP level 2. HP: 15/15 MP: 3/5
  1102 | D:2      | Reached skill level 4 in Earth Magic
  1102 | D:2      | Reached XP level 3. HP: 19/19 MP: 2/7
  1107 | D:2      | Learned a level 3 spell: Stone Arrow
  1526 | D:2      | Reached XP level 4. HP: 24/24 MP: 8/8
  1583 | D:2      | Reached skill level 1 in Conjurations
  2146 | D:3      | Found a glowing golden altar of the Shining One.
  2199 | D:3      | Found a hide-covered altar of Uskayaw.
  2199 | D:3      | Found an iron altar of Okawaru.
  2682 | D:3      | Reached XP level 5. HP: 5/28 MP: 6/10
  2711 | D:3      | Learned a level 5 spell: Lee's Rapid Deconstruction
  3223 | D:4      | Found a deep blue altar of Sif Muna.
  3346 | D:4      | Reached skill level 5 in Earth Magic
  3357 | D:4      | Identified Sif Muna's Reference Book on Evil
  3456 | D:4      | Noticed an ogre
  3466 | D:4      | Killed an ogre
  3466 | D:4      | Reached XP level 6. HP: 13/32 MP: 5/12
  3564 | D:4      | Noticed an orc warrior
  3581 | D:3      | Slain by an orc warrior

Vault maps used:
D:1:      minmay_arrival_open_corners
D:2:      serial_forest, infiniplex_forest_straight_2,
          infiniplex_forest_straight_3, infiniplex_forest_clump_medium,
          infiniplex_forest_end_2, infiniplex_forest_fountain,
          infiniplex_forest_lined_3, infiniplex_forest_lined_corner,
          infiniplex_forest_lined_2
D:3:      tso_metal_star, gammafunk_temple_overflow_elements, first_bread,
          kennysheep_generic_room_6
D:4:      lemuel_coloured_pillars_altar, led_sif_book

Skill      XL: |  1  2  3  4  5 |
---------------+----------------+-----
Spellcasting   | 3 4 |  4.5
Earth Magic    | 4 5 |  5.3
Conjurations   | 1 2 |  2.6
Dodging        | |  1.5
Stealth        | |  2.1
Transmutations | |  0.7

Action                   |  1- 3 |  4- 6 || total
-------------------------+-------+-------++-------
Melee: Short sword       |    10 |       ||    10
       Spear             |     4 |   116 ||   120
 Cast: Sandblast         |    42 |     1 ||    43
       Stone Arrow       |       |     9 ||     9
  Use: Scroll            |     7 |     4 ||    11
       Potion            |       |     5 ||     5
 Stab: Sleeping          |     2 |     2 ||     4
  Eat: Chunk             |     2 |     7 ||     9
Armor: Robe              |     9 |    25 ||    34
Dodge: Dodged            |    24 |    44 ||    68
